AoeStats
← _The_Lion

Arena

504146929Analyzed
4v4 RM · 29d ago on Sep 4, 2026· 20m 10s· 8 players
Game mode
Random Map
Map size
Large (8 player)
Population
200
Speed
Normal
Resources
Standard
Victory
Conquest
Starting age
Dark Age
Ending age
Imperial Age
RankedLock teamsTeams togetherTeam positionsShared explorationLock speedFull tech treeHidden civsTurbo modeCheats
Victory
Defeat
🇨🇦 Khmer · Canada
1472
+13
🇲🇽 Teutons · Mexico
1459
+14
🇨🇦 Celts · Canada
1456
+14
🇮🇩 Turks · Indonesia
1306
+20
🇨🇳 Hindustanis · China
1451
-17
1441
-17
🇻🇳 Slavs · Vietnam
1369
-14
🇨🇳 Goths · China
1363
-13
不会进攻
9:59 Feudal Age
14:40 Castle Age
13:32 Double-Bit Axe
13:56 Stone Mining
17:42 Loom
93老玩家回归
9:51 Feudal Age
14:05 Castle Age
12:38 Double-Bit Axe
12:35 Horse Collar
大冲车 滴滴 创死你
10:09 Feudal Age
9:24 Loom
14:07 Double-Bit Axe
14:08 Horse Collar
danganharmy
11:06 Feudal Age
16:17 Castle Age
14:03 Loom
14:12 Stone Mining
15:49 Horse Collar
18:52 Double-Bit Axe
T1m
10:25 Feudal Age
13:36 Castle Age
11:48 Double-Bit Axe
11:58 Horse Collar
13:40 Light Cavalry
16:35 Bloodlines
17:28 Forging
19:35 Iron Casting
20:57 Bow Saw
_The_Lion
9:50 Feudal Age
13:52 Castle Age
12:14 Double-Bit Axe
12:17 Loom
Behind You
10:34 Feudal Age
14:50 Castle Age
12:55 Double-Bit Axe
14:48 Horse Collar
16:38 Scale Barding Armor
18:31 Bloodlines
20:07 Loom
Seifer
5:47 Loom
8:31 Feudal Age
9:00 Double-Bit Axe
9:03 Town Watch
13:05 Fletching
20:04 Horse Collar
Connection lost

Rejoining the realm…

Still unreachable

The connection could not be restored.

Session expired

The server has moved on; the page needs a fresh start.